 Dungeon Crawl Stone Soup version 0.27.1 (webtiles) character file.

Game seed: 4009962353153523797

0 chaosape the Magician (level 1, 0/13 (17) HPs)
             Began as a Gnoll Wanderer on Sept 5, 2021.
             Slain by a spectral hobgoblin (1 damage)
             ... on level 1 of the Dungeon.
             The game lasted 00:01:09 (280 turns).

chaosape the Magician (Gnoll Wanderer)               Turns: 280, Time: 00:01:09

HP:   0/13 (17)     AC:  2    Str: 14    XL:     1   Next: 10%
MP:   8/8           EV: 11    Int: 10    God:
Gold: 0             SH:  0    Dex:  9    Spells: 13/14 levels left

rFire    . . .     SeeInvis .   a - +0 dagger
rCold    . . .     Faith    .   (no shield)
rNeg     . . .     Spirit   .   d - +0 robe
rPois    .         Reflect  .   (no helmet)
rElec    .         Harm     .   (no cloak)
rCorr    .         Rampage  .   (no gloves)
Will     .....                  (no boots)
Stlth    +.........             (no amulet)
HPRegen  0.04/turn              (no ring)
MPRegen  0.11/turn              (no ring)

@: heavily drained, very slow
A: fangs 1, strong nose, distributed training
a: no special abilities


You were on level 1 of the Dungeon.
You visited 1 branch of the dungeon, and saw 1 of its levels.

Inventory:

Hand Weapons
 a - a +0 dagger (weapon)
Missiles
 b - 14 poisoned darts (quivered)
 e - 9 stones
Armour
 d - a +0 robe (worn)
Scrolls
 f - a scroll of magic mapping {unknown}
Potions
 c - a potion of lignification


   Skills:
 + Level 2.3 Fighting
 + Level 0.0 Short Blades
 + Level 0.0 Long Blades
 + Level 0.0 Axes
 + Level 0.0 Maces & Flails
 + Level 0.0 Polearms
 + Level 0.0 Staves
 + Level 0.0 Slings
 + Level 2.3 Bows
 + Level 0.0 Crossbows
 + Level 4.4 Throwing
 + Level 2.3 Armour
 + Level 0.0 Dodging
 + Level 0.0 Stealth
 + Level 0.0 Shields
 + Level 0.0 Unarmed Combat
 + Level 7.0 Spellcasting
 + Level 0.0 Conjurations
 + Level 0.0 Hexes
 + Level 0.0 Summonings
 + Level 0.0 Necromancy
 + Level 0.0 Translocations
 + Level 0.0 Transmutations
 + Level 0.0 Fire Magic
 + Level 3.6 Ice Magic
 + Level 0.0 Air Magic
 + Level 0.0 Earth Magic
 + Level 0.0 Poison Magic
 + Level 0.0 Invocations
 + Level 0.0 Evocations


You had 13 spell levels left.
You knew the following spells:

 Your Spells              Type           Power      Damage    Failure   Level
a - Magic Dart            Conj           12%        1d3       19%         1

Your spell library contained the following spells:

 Spells                   Type           Power      Damage    Failure   Level
 Blink                    Tloc           N/A        N/A       28%         2
 Call Imp                 Summ           3%         N/A       28%         2
 Slow                     Hex            3%         N/A       28%         2
 Conjure Flame            Conj/Fire      3%         6-21      50%         3
 Mephitic Cloud           Conj/Pois/Air  3%         N/A       50%         3


Dungeon Overview and Level Annotations

Branches:
Dungeon (1/15)

Altars:


Innate Abilities, Weirdness & Mutations

You have very sharp teeth.
Your uncanny sense of smell can sniff out nearby items.
Your experience applies equally to all skills.


Message History

Your unstable footing causes you to fumble your attack.
The spectral hobgoblin barely misses you.
Your unstable footing causes you to fumble your attack.
The spectral hobgoblin barely misses you.
You hit the spectral hobgoblin but do no damage.
You bite the spectral hobgoblin, but do no damage.
The spectral hobgoblin is heavily damaged.
The spectral hobgoblin closely misses you.
You hit the spectral hobgoblin.
The spectral hobgoblin is severely damaged.
The spectral hobgoblin barely misses you.
You hit the spectral hobgoblin but do no damage.
The spectral hobgoblin is severely damaged.
The spectral hobgoblin closely misses you.
You hit the spectral hobgoblin but do no damage.
You bite the spectral hobgoblin, but do no damage.
The spectral hobgoblin is severely damaged.
The spectral hobgoblin hits you.
* * * LOW HITPOINT WARNING * * *
You feel drained.
* * * LOW HITPOINT WARNING * * *
You hit the spectral hobgoblin but do no damage.
You bite the spectral hobgoblin, but do no damage.
The spectral hobgoblin is severely damaged.
The spectral hobgoblin barely misses you.
You hit the spectral hobgoblin but do no damage.
You bite the spectral hobgoblin.
The spectral hobgoblin is almost destroyed.
The spectral hobgoblin hits you but does no damage.
Your unstable footing causes you to fumble your attack.
The spectral hobgoblin barely misses you.
You hit the spectral hobgoblin but do no damage.
The spectral hobgoblin is almost destroyed.
The spectral hobgoblin closely misses you.
You barely miss the spectral hobgoblin.
The spectral hobgoblin is almost destroyed.
The spectral hobgoblin hits you.
* * * LOW HITPOINT WARNING * * *
You feel drained.
You die...

#.##..# #.##.##
#.##.#
#.##.####..#
#..........#
####.#####.#.#
#####.........#
.≈≈≈.≈.≈.≈.≈≈#..
###.≈...@###≈#
8≈≈####Z#.8# ..
≈≈ _≈≈.≈≈# # #
≈≈.≈..###
#.≈≈≈.≈≈#
#..≈≈≈.≈#
##≈..≈. ≈#+++#


You could see a spectral hobgoblin.

Vanquished Creatures
  A kobold (D:1)
1 creature vanquished.

Notes
Turn   | Place    | Note
-------+----------+-------------------------------------------
     0 | D:1      | chaosape the Gnoll Wanderer began the quest for the Orb.
     0 | D:1      | chaosape set off with the following items: a +0 dagger, 14
                  | poisoned darts, a potion of lignification, a +0 robe; and
                  | the following spell memorised: Magic Dart; and the
                  | following spells available to memorise: Blink, Call Imp,
                  | Slow, Conjure Flame, Mephitic Cloud
     0 | D:1      | Reached XP level 1. HP: 17/17 MP: 8/8
   253 | D:1      | Found a faded altar of an unknown god.
   280 | D:1      | Slain by a spectral hobgoblin

Illustrated notes

Levels and vault maps discovered:
D:1:      dpeg_arrival_boxorama, layout_loops_corners,
          dreamdust_ecumenical_altar_drowned_temple

Action                   || total
-------------------------++-------
Melee: Dagger            ||    41
       Bite              ||     7
Armor: Robe              ||     6
Dodge: Dodged            ||    24
